 Dungeon Crawl Stone Soup version 0.29.1-15-g9cfb28693d (webtiles) character file.

Game seed: 11991989216490618927

608 kingofthe the Conjurer (level 7, -1/45 HPs)
             Began as an Octopode Conjurer on Feb 25, 2023.
             Succumbed to Duvessa's poison
             ... on level 4 of the Dungeon.
             The game lasted 00:15:09 (5571 turns).

kingofthe the Conjurer (Octopode Conjurer)          Turns: 5571, Time: 00:15:10

Health: -1/45      AC:  1    Str:  6    XL:     7   Next: 43%
Magic:  22/22      EV: 14    Int: 27    God:
Gold:   271        SH:  0    Dex: 10    Spells: 4/14 levels left

rFire   . . .      SeeInvis .   a - +2 short sword (protect)
rCold   . . .      Faith    .   (no shield)
rNeg    . . .      Spirit   .   (helmet restricted)
rPois   .          Reflect  .   (no amulet)
rElec   .          Harm     .   M - ring of magical power
rCorr   .          Rampage  .   I - +6 ring of intelligence
Will    .....                   (no ring)
Stlth   ++++......              (no ring)
HPRegen 0.15/turn               (no ring)
MPRegen 0.18/turn               (no ring)
                                (no ring)
                                (no ring)

@: lethally poisoned (-1 -> -15), attractive
A: almost no armour, amphibious, 8 rings, camouflage 1, gelatinous body 1,
(nimble swimmer 1), tentacles, clumsy 1, robust 1, screaming 1
a: no special abilities


You were on level 4 of the Dungeon.
You visited 1 branch of the dungeon, and saw 5 of its levels.

You collected 271 gold pieces.


Innate Abilities, Weirdness & Mutations

You cannot wear most types of armour.
You are amphibious.
You can wear up to eight rings at the same time.
Your skin changes colour to match your surroundings (Stealth+).
Your rubbery body absorbs attacks. (AC +1, EV +1)
((You are camouflaged when in or above water. (Stealth+)))
You have tentacles for arms and can constrict up to eight enemies at once.
You are clumsy. (Dex -2)
You are robust. (+10% HP)
You occasionally shout uncontrollably at your foes.


   Skills:
 * Level 4.6 Dodging
 + Level 4.8 Stealth
 + Level 4.1 Spellcasting
 + Level 5.5 Conjurations
 + Level 0.7 Hexes
 * Level 1.0 Fire Magic


You had 4 spell levels left.
You knew the following spells:

 Your Spells              Type           Power      Damage    Failure   Level
a - Magic Dart            Conj           100%       1d8       1%          1
b - Searing Ray           Conj           70%        2d7       1%          2
c - Dazzling Flash        Conj/Hex       44%        N/A       6%          3
d - Foxfire               Conj/Fire      92%        2x1d8     1%          1
e - Conjure Flame         Conj/Fire      23%        6-21      6%          3

Your spell library contained the following spells:

 Spells                   Type           Power      Damage    Failure   Level
 Beastly Appendage        Tmut           10%        N/A       8%          1
 Necrotise                Necr           20%        1d5       8%          1
 Wereblood                Tmut           5%         N/A       12%         2
 Inner Flame              Hex/Fire       10%        N/A       16%         3
 Flame Wave               Conj/Fire      23%        2d8       21%         4
 Fulminant Prism          Conj/Hex       11%        3d9       22%         4
 Spider Form              Tmut/Pois      5%         N/A       24%         3
 Vampiric Draining        Necr           5%         2d6       24%         3
 Iskenderun's Mystic Bla  Conj/Tloc      20%        2d6       26%         4
 Agony                    Necr           5%         N/A       91%         5

Inventory:

Hand Weapons
 a - a +2 short sword of protection (weapon)
 l - a +0 quarterstaff
 q - a +2 dagger of freezing
 x - a +0 vorpal falchion
Magical Staves
 b - a staff of earth {!a}
Jewellery
 I - a +6 ring of intelligence (right tentacle)
 M - a ring of magical power (left tentacle)
Scrolls
 c - 3 scrolls of enchant weapon {unknown}
 e - 2 scrolls of butterflies {unknown}
 g - 3 scrolls of magic mapping {unknown}
 j - a scroll of acquirement {unknown}
 n - 3 scrolls of teleportation {unknown}
 o - 2 scrolls of enchant armour {unknown}
 p - 6 scrolls of identify {unknown}
 r - a scroll of summoning {unknown}
 v - a scroll of fear {unknown}
Potions
 d - 2 potions of mutation
 f - a potion of magic
 h - a potion of heal wounds {unknown}
 i - 2 potions of might {unknown}
 k - 2 potions of curing {unknown}
 m - 3 potions of attraction
 s - a potion of brilliance {unknown}
 t - a potion of lignification {unknown}
 u - 2 potions of ambrosia {unknown}
 w - a potion of haste {unknown}

Dungeon Overview and Level Annotations

Branches:
Dungeon (5/15)
 Temple: D:4-7

Altars:
Ashenzari
Hepliaklqana
Makhleb
Qazlal

Annotations:
D:5 Dowan, Duvessa

#.######.......####'#.
#........#......##.)#.
#######.#<..###.##..#†
#......)..#...#.####
#........##.#.#.# #
#.......##....#.# #
#........#.#..#.####
#..........#.<##....
#..@..........######
#...................
##..................
#..#...............
#..#...##..........
#..................
#.#....##.....>....
####.#.........##.....
#.##.#....###..##.....


There were no monsters in sight!


Message History

The searing ray hits the iguana.
You kill the iguana!
You finish channelling your searing ray.
Your Fire Magic skill increases to level 1!
You start resting.
Magic restored.
Dowan, Brother of Duvessa comes into view.
He is wielding a +0 dagger and wearing a +1 robe of willpower.
The magic dart hits Dowan but does no damage.
Dowan shouts!
Duvessa, Sister of Dowan comes into view.
She is wielding a +2 short sword of venom.
Duvessa moves out of view.
Duvessa shouts!
Duvessa hits you with a +2 short sword of venom!
Duvessa attacks as you move away! Duvessa closely misses you.
There is a stone staircase leading up here.
Duvessa hits you with a +2 short sword of venom!
* * * LOW HITPOINT WARNING * * *
You are lethally poisoned!
You climb upwards.
* * * LOW HITPOINT WARNING * * *
You feel extremely sick.
There is a stone staircase leading down here.
There is a lethal amount of poison in your body!
It was a potion of attraction.
You feel attractive to monsters.
* * * LOW HITPOINT WARNING * * *
You feel very sick.
It was a potion of mutation.
You feel extremely strange.
You feel the urge to shout.
You feel clumsy.
You feel robust.
You die...

Skill      XL: |  1  2  3  4  5  6  7 |
---------------+----------------------+-----
Spellcasting   | 3 4 |  4.1
Stealth        | 3 4 |  4.8
Dodging        | 3 4 |  4.6
Conjurations   | 5 |  5.5
Fire Magic     | 1 |  1.0
Hexes          | |  0.7

Action                   |  1- 3 |  4- 6 |  7- 9 || total
-------------------------+-------+-------+-------++-------
Melee: Unarmed           |     6 |       |       ||     6
       Tentacles         |     4 |     1 |       ||     5
       Constrict         |     2 |     1 |       ||     3
       Quarterstaff      |     1 |       |       ||     1
       Short sword       |       |     2 |       ||     2
 Cast: Magic Dart        |    75 |    64 |     3 ||   142
       Searing Ray       |     9 |    29 |     4 ||    42
       Foxfire           |       |       |     8 ||     8
       Conjure Flame     |       |       |     1 ||     1
  Use: Potion            |       |       |     2 ||     2
Armor: Skin              |     1 |       |       ||     1
Dodge: Dodged            |     8 |    12 |     5 ||    25

Levels and vault maps discovered:
D:1:      elethiomel_arrival_infinity_welcomes_careful_drivers, layout_basic,
          nicolae_ecumenical_snake_handling, st_stairs_4,
          corexii_hall_statues_deadend, minmay_shallow_snake_nest
D:2:      layout_loops_corners, minmay_misc_feat_rows
D:3:      layout_rooms, cheibrodos_ashenzari_chains,
          nicolae_hepliaklqana_hazy_memory, skrybe_limestone_x,
          chequers_mini_garden
D:4:      minmay_chambers_of_fours, layout_rooms, bloody_makhleb,
          general_overflow_altar
D:5:      layout_rooms, st_stairs_11, uniq_duvessa

Notes
Turn   | Place    | Note
-------+----------+-------------------------------------------
     0 | D:1      | kingofthe the Octopode Conjurer began the quest for the
                  | Orb.
     0 | D:1      | Reached XP level 1. HP: 11/11 MP: 3/3
   178 | D:1      | Reached XP level 2. HP: 17/17 MP: 0/5
   234 | D:1      | Learned a level 2 spell: Searing Ray
   436 | D:1      | Found a faded altar of an unknown god.
   540 | D:1      | Reached skill level 3 in Spellcasting
   803 | D:1      | Reached XP level 3. HP: 21/21 MP: 5/7
  2018 | D:2      | Reached skill level 3 in Stealth
  2346 | D:2      | Reached XP level 4. HP: 27/27 MP: 0/8
  3247 | D:3      | Found a broken altar of Ashenzari.
  3550 | D:3      | Reached XP level 5. HP: 31/31 MP: 10/10
  3552 | D:3      | Reached skill level 3 in Dodging
  3896 | D:3      | Found a hazy altar of Hepliaklqana.
  4317 | D:4      | Found a burning altar of Makhleb.
  4328 | D:4      | Noticed a phantom
  4333 | D:4      | Reached XP level 6. HP: 28/36 MP: 9/11
  4339 | D:4      | Reached skill level 4 in Stealth
  4339 | D:4      | Reached skill level 5 in Conjurations
  4960 | D:4      | Found a stormy altar of Qazlal.
  5047 | D:5      | Entered Level 5 of the Dungeon
  5057 | D:5      | Reached skill level 4 in Dodging
  5217 | D:5      | Reached skill level 4 in Spellcasting
  5217 | D:5      | Reached XP level 7. HP: 29/41 MP: 13/13
  5241 | D:5      | Learned a level 3 spell: Dazzling Flash
  5367 | D:5      | Learned a level 1 spell: Foxfire
  5434 | D:5      | Learned a level 3 spell: Conjure Flame
  5496 | D:5      | Reached skill level 1 in Fire Magic
  5550 | D:5      | Noticed Dowan
  5552 | D:5      | Noticed Duvessa
  5570 | D:4      | HP: 2/41 [poisoned by Duvessa]
  5571 | D:4      | Gained mutation: You occasionally shout uncontrollably at
                  | your foes. [potion of mutation]
  5571 | D:4      | Gained mutation: You are clumsy. (Dex -2) [potion of
                  | mutation]
  5571 | D:4      | Gained mutation: You are robust. (+10% HP) [potion of
                  | mutation]
  5571 | D:4      | Succumbed to Duvessa's poison

Vanquished Creatures
  An ice beast (D:5)
  A phantom (D:4)
  A necrophage (D:5)
  A scorpion (D:5)
  A howler monkey (D:4)
  2 iguanas (D:5)
  5 gnolls
  6 adders
  A shadow imp (D:4)
  An ufetubus (D:4)
  4 worms
  2 dart slugs
  2 orcs (D:4)
  12 ball pythons
  13 endoplasms
  4 giant cockroaches
  8 goblins
  A hobgoblin (D:1)
  3 jackals (D:2)
  11 kobolds
  5 quokkas
  7 bats
  7 frilled lizards
  7 rats
106 creatures vanquished.

Vanquished Creatures (others)
  15 foxfires (D:5)
  5 plants (D:3)
20 creatures vanquished.

Grand Total: 126 creatures vanquished

Table legend: (Time is in decaauts)
 A = Elapsed time spent in this place.
 B = Non-inter-level travel time spent in this place.
 C = Inter-level travel time spent in this place.
 D = Time resting spent in this place.
 E = Time spent auto-exploring this place.
 F = Levels seen in this place.
 G = Mean time per level.
                   A        B        C        D        E       F      G
               +--------+--------+--------+--------+--------+-----+--------+
         Total |   5570 |   5423 |    147 |   1217 |   3526 |   5 | 1114.0 |
       Dungeon |   5570 |   5423 |    147 |   1217 |   3526 |   5 | 1114.0 |
               +--------+--------+--------+--------+--------+-----+--------+

Top non-repeatable levels by time:
     D:1: 1862 daAuts
     D:2: 1403 daAuts
     D:4: 1076 daAuts
     D:3: 846 daAuts
     D:5: 380 daAuts

Table legend:
 A = Non-vault XP
 B = Vault XP
 C = Vault XP percentage of total XP
 D = Non-vault monster count
 E = Vault monster count
 F = Vault count percentage of total count
                 A         B        C        D         E       F
            +---------+---------+-------+---------+---------+-------
      Total |     729 |     140 |  16.1 |      88 |      18 |  17.0
            +---------+---------+-------+---------+---------+-------
        D:1 |      50 |      15 |  23.1 |      31 |      11 |  26.2
        D:2 |      34 |       0 |   0.0 |      20 |       0 |   0.0
        D:3 |     152 |       0 |   0.0 |      22 |       0 |   0.0
        D:4 |     185 |      38 |  17.0 |      10 |       6 |  37.5
        D:5 |     308 |      87 |  22.0 |       5 |       1 |  16.7
            +---------+---------+-------+---------+---------+-------
